 Dungeon Crawl Stone Soup version 0.14-a0-1811-gdc2d5af (webtiles) character file.

209 M4edhros the Shield-Bearer (level 4, -3/31 HPs)
             Began as an Octopode Fighter on Jan 7, 2014.
             Slain by an orc
             ... wielding a -1,+1 orcish dagger
              (4 damage)
             ... on Level 3 of the Dungeon on Jan 8, 2014.
             The game lasted 00:02:03 (1483 turns).

M4edhros the Shield-Bearer (Octopode Fighter)       Turns: 1483, Time: 00:02:03

HP  -3/31        AC  1     Str 15      XL: 4   Next: 43%
MP   4/4         EV  9     Int 11      God:
Gold 127         SH 27     Dex 11      Spells:  0 memorised,  3 levels left

rFire  . . .     SeeInvis .     a - +0 trident
rCold  . . .     Clarity  .     i - +0 large shield
rNeg   . . .     Conserve .     (helmet restricted)
rPois  .         rCorr    .     (no amulet)
rElec  .         rRot     .     (no ring)
SustAb . .       Spirit   .     (no ring)
rMut   .         Warding  .     (no ring)
Saprov . . .     Stasis   .     (no ring)
                                (no ring)
                                (no ring)
                                (no ring)
                                (no ring)

@: slowed, very slow, slightly resistant to hostile enchantments, fairly
stealthy
A: almost no armour, amphibious, 8 rings, constrict 8, camouflage 1, gelatinous
body 1
a: no special abilities


You were on level 3 of the Dungeon.
You were not hungry.

You visited 1 branch of the dungeon, and saw 3 of its levels.

You collected 127 gold pieces.

Inventory:

Hand weapons
 a - a +0,+0 trident (weapon)
Armour
 c - a +0 shield
 i - a +0 large shield (worn)
Comestibles
 d - 3 bread rations
 l - a meat ration
 m - a choko
Scrolls
 e - a scroll of enchant armour {unknown}
 g - a scroll of fog {unknown}
 k - a scroll of magic mapping {unknown}
 n - a scroll of remove curse {unknown}
 q - a scroll of teleportation {unknown}
Jewellery
 f - an uncursed ring of protection from cold {unknown}
 p - an uncursed ring of flight {unknown}
Potions
 b - a potion of cure mutation {unknown}
 h - 2 potions of might {unknown}
 j - a potion of curing {unknown}
 o - a potion of mutation {unknown}
 r - a potion of restore abilities {unknown}


   Skills:
 - Level 3.0 Fighting
 - Level 2.0 Polearms
 - Level 3.0 Dodging
 + Level 5.1 Shields


You had 3 spell levels left.
You didn't know any spells.

Dungeon Overview and Level Annotations

Branches:
Dungeon (3/16)

Altars:
Okawaru
Yredelemnul
the Shining One


Innate Abilities, Weirdness & Mutations

You cannot wear most types of armour.
You are amphibious.
You can wear up to eight rings at the same time.
You can use your tentacles to constrict many enemies at once.
Your skin changes colour to match your surroundings (Stlth).
Your rubbery body absorbs attacks (AC +1).


Message History

The orc hits you with an orcish club.
The orc wizard hits you with an orcish dagger.
You block the hobgoblin's attack.
There are monsters nearby!
You hit the hobgoblin.
You kill the hobgoblin!
The orc wizard points at you and mumbles some strange words.
You resist. The orc hits you with an orcish club.
The orc wizard gestures wildly while chanting.
The orc wizard seems to speed up.
There are monsters nearby!
You hit the orc wizard but do no damage.
You grab the orc wizard. You constrict the orc wizard.
You block the orc wizard's attack. The orc hits you with an orcish dagger.
You block the orc wizard's attack.
The orc wizard gestures at you while chanting.
The magic dart hits you!
* * * LOW HITPOINT WARNING * * *
The orc hits you with an orcish dagger.
You die...

#........##########...........'.
######+### #############. ##..#
## #..## #####'#######
#...........# #########
#...........####.......#
#.(.........##.'.o.....#
#...........##.#@o.....#
#...........##.#oo.....+
#....%......#..#......)#
#...........'.##.......#
#...........####.......#
#####'####### #....... ###.#
####..# ##...# #####..####
##..### #..........


You could see 2 orc wizards and 2 orcs.

Vanquished Creatures
  Ijyb (D:2)
  2 adders
  A giant gecko (D:3)
  4 orcs (D:3)
  3 ball pythons
  2 giant cockroaches
  5 hobgoblins
  2 jackals (D:3)
  5 bats
  2 giant newts
  5 goblins (D:1)
  5 kobolds
  A quokka (D:2)
  4 rats
42 creatures vanquished.

Notes
Turn   | Place    | Note
--------------------------------------------------------------
     0 | D:1      | M4edhros, the Octopode Fighter, began the quest for the Orb.
     0 | D:1      | Reached XP level 1. HP: 16/16 MP: 1/1
     0 | D:1      | Upgraded the game from 0.14-a0-1773-ge500af7 to 0.14-a0-1811-gdc2d5af
   146 | D:1      | Reached XP level 2. HP: 21/21 MP: 2/2
   561 | D:2      | Noticed Ijyb
   569 | D:2      | Killed Ijyb
   569 | D:2      | Reached skill level 4 in Shields
   569 | D:2      | Reached XP level 3. HP: 19/26 MP: 3/3
   692 | D:2      | Found a basalt altar of Yredelemnul.
   692 | D:2      | Found an iron altar of Okawaru.
  1158 | D:3      | Found a glowing golden altar of the Shining One.
  1222 | D:3      | Reached XP level 4. HP: 16/31 MP: 4/4
  1387 | D:3      | Reached skill level 5 in Shields
  1483 | D:3      | HP: 1/31 [orc wizard/magic dart (10)]
  1483 | D:3      | Slain by an orc

Action                   |  1- 3 |  4- 6 || total
-------------------------+-------+-------++-------
Melee: Trident           |    59 |    23 ||    82
 Stab: Sleeping          |     6 |       ||     6
